AoeStats
← Kimik

Arabia

510806300Analyzed
1v1 RM · 12h ago on Oct 2, 2026· 46m 17s· 2 players
Game mode
Random Map
Map size
Tiny (2 player)
Population
200
Speed
Normal
Resources
Standard
Victory
Conquest
Starting age
Dark Age
Ending age
Imperial Age
RankedLock teamsTeams togetherTeam positionsShared explorationLock speedFull tech treeHidden civsTurbo modeCheats
Victory
Defeat
🇧🇪 Maya · Belgium
1054
+17
🇪🇸 Varangians · Spain
1080
-17
Imperial Villager
0:26 Loom
9:51 Feudal Age
10:20 Double-Bit Axe
13:09 Fletching
13:33 Horse Collar
18:23 Wheelbarrow
22:39 Castle Age
22:19 Scale Mail Armor
22:43 Crossbowman
23:19 Bodkin Arrow
22:45 Eagle Warrior
23:56 Bow Saw
23:47 Heavy Plow
24:38 Gold Mining
28:11 Stone Mining
29:27 Squires
30:32 Ballistics
29:53 Treadmill Crane
31:23 Chain Mail Armor
31:10 Padded Archer Armor
31:21 Forging
33:34 Hand Cart
33:05 Town Watch
33:36 Leather Archer Armor
34:12 Stone Shaft Mining
38:55 Imperial Age
36:27 Town Patrol
37:22 Iron Casting
37:00 Masonry
38:58 Elite Eagle Warrior
40:10 Holcans
39:44 Bracer
40:15 Plate Mail Armor
41:15 Blast Furnace
40:34 Arson
41:20 Ring Archer Armor
42:24 Chemistry
41:56 Architecture
41:32 Pikeman
43:29 Halberdier
44:20 Elite Skirmisher
45:07 Thumb Ring
44:32 Arbalester
Kimik
8:26 Loom
11:00 Feudal Age
11:26 Double-Bit Axe
11:22 Horse Collar
16:01 Bloodlines
20:36 Wheelbarrow
24:31 Castle Age
22:37 Gold Mining
23:08 Stone Mining
23:47 Forging
24:24 Scale Barding Armor
24:59 Padded Archer Armor
25:44 Bow Saw
26:01 Chain Barding Armor
25:27 Elite Skirmisher
26:13 Squires
28:52 Husbandry
30:50 Iron Casting
31:02 Stone Shaft Mining
32:50 Hand Cart
34:13 Gambesons
40:04 Imperial Age
37:36 Heavy Plow
39:32 Scale Mail Armor
40:04 Ballistics
40:00 Vendel Legacy
42:02 Chemistry
41:34 Conscription
42:55 Cavalier
Connection lost

Rejoining the realm…

Still unreachable

The connection could not be restored.

Session expired

The server has moved on; the page needs a fresh start.